SL
NEW AMSTERDAM DUTCHMEN @ ATHLETIC CLUB KC
04/19/2032
 
TOP OF THE 1ST
New Amsterdam Dutchmen batting - Pitching for Athletic Club KC : LHP Ash Ibarra
Pitching: LHP Ash Ibarra
Batting: RHB Bryant Skelly 0-0: Ground out 6-3 (Groundball, 6)
Batting: LHB SaQwan Hackett 0-0: Ball
1-0: SINGLE (Groundball, 34D)
Batting: RHB António Martínez 0-0: Called Strike
0-1: Ball
1-1: Ball
2-1: Foul Ball, location: 2F
2-2: Foul Ball, location: 2F
2-2: Ball
3-2: Base on Balls
SaQwan Hackett to second
Batting: RHB Otis Brewer 0-0: Ball
1-0: Ball
2-0: Called Strike
2-1: Foul Ball, location: 2F
2-2: Ball
3-2: Foul Ball, location: 2F
3-2: Strikes out swinging
Batting: RHB Mario Rivera 0-0: Called Strike
0-1: Foul Ball, location: 2F
0-2: Ball
1-2: Reached on error, E4 (Groundball, 4)
SaQwan Hackett scores
António Martínez to third
Batting: RHB Sang Hong-Do 0-0: Ball
1-0: Foul Ball, location: 2F
1-1: Ball
2-1: Ground out 6-3 (Groundball, 6D)
Top of the 1st over - 1 run, 1 hit, 1 error, 2 left on base; New Amsterdam 1 - Athletic Club KC 0
BOTTOM OF THE 1ST
Athletic Club KC batting - Pitching for New Amsterdam Dutchmen : RHP Jason Hamilton
Pitching: RHP Jason Hamilton
Batting: LHB Pablo Hernández 0-0: Called Strike
0-1: Ball
1-1: Ball
2-1: Ball
3-1: Foul Ball, location: 2F
3-2: Foul Ball, location: 2F
3-2: Foul Ball, location: 2F
3-2: Foul Ball, location: 2F
3-2: Base on Balls
Batting: LHB Wu-shun Chu 0-0: Fly out, F6 (Popup, 6)
Batting: LHB Ramón Morterero 0-0: Ball
1-0: Foul Ball, location: 2F
1-1: SINGLE (Groundball, 25) (infield hit)
Pablo Hernández to second
Batting: RHB Andrés Medina 0-0: Called Strike
0-1: Ball
1-1: Ball
2-1: Called Strike
2-2: Ball
3-2: Foul Ball, location: 2F
3-2: Foul Ball, location: 2F
3-2: DOUBLE (Line Drive, 78D)
Pablo Hernández scores
Ramón Morterero to third
Runner from 3rd tries for Home, SAFE, no throw
Batting: RHB Rafael Arredondo 0-0: Called Strike
0-1: Ball
1-1: Foul Ball, location: 2F
1-2: Strikes out swinging
Batting: RHB Roger Caffyn 0-0: Called Strike
0-1: Ball
1-1: Ball
2-1: Foul Ball, location: 2F
2-2: Foul Ball, location: 2F
2-2: Ground out 3-1 (Groundball, 34)
Bottom of the 1st over - 2 runs, 2 hits, 0 errors, 1 left on base; New Amsterdam 1 - Athletic Club KC 2
TOP OF THE 2ND
New Amsterdam Dutchmen batting - Pitching for Athletic Club KC : LHP Ash Ibarra
Batting: RHB Ricardo Pulido 0-0: Called Strike
0-1: SINGLE (Line Drive, 56D)
Batting: RHB David Elías 0-0: Ball
1-0: Swinging Strike
1-1: Swinging Strike
1-2: Fielders Choice at 2nd, 5-4 (Groundball, 56)
Batting: RHB Heherson Inaris 0-0: Called Strike
0-1: SINGLE (Groundball, 6MD)
David Elías to second
Batting: RHB Bryant Skelly 0-0: Ground out 2-3 (Groundball, 15S)
David Elías to third
Heherson Inaris to second
Batting: LHB SaQwan Hackett 0-0: Ball
Wild Pitch!
David Elías scores
Heherson Inaris to third
1-0: Ball
2-0: Called Strike
2-1: Ball
3-1: Called Strike
3-2: Ground out 4-3 (Groundball, 4S)
Top of the 2nd over - 1 run, 2 hits, 0 errors, 1 left on base; New Amsterdam 2 - Athletic Club KC 2
BOTTOM OF THE 2ND
Athletic Club KC batting - Pitching for New Amsterdam Dutchmen : RHP Jason Hamilton
Batting: RHB Richard Younger 0-0: SINGLE (Line Drive, 78S)
Batting: LHB Matt Herman 0-0: Ball
1-0: Foul Ball, location: 2F
1-1: Called Strike
1-2: Ball
2-2: Foul Ball, location: 2F
2-2: Grounds into double play, 5-4-3 (Groundball, 5)
Batting: RHB Khal Drogo 0-0: Ball
1-0: Foul Ball, location: 2F
1-1: Swinging Strike
1-2: Foul Ball, location: 2F
1-2: Fly out, F3 (Popup, 3S)
Bottom of the 2nd over - 0 runs, 1 hit, 0 errors, 0 left on base; New Amsterdam 2 - Athletic Club KC 2
TOP OF THE 3RD
New Amsterdam Dutchmen batting - Pitching for Athletic Club KC : LHP Ash Ibarra
Batting: RHB António Martínez 0-0: TRIPLE (Line Drive, 7LD)
Batting: RHB Otis Brewer 0-0: SINGLE (Line Drive, 6MD)
António Martínez scores
Batting: RHB Mario Rivera 0-0: Grounds into double play, 1-4-3 (Groundball, 15S)
Batting: RHB Sang Hong-Do 0-0: Called Strike
0-1: Ball
1-1: Fly out, F6 (Line Drive, 56D)
Top of the 3rd over - 1 run, 2 hits, 0 errors, 0 left on base; New Amsterdam 3 - Athletic Club KC 2
BOTTOM OF THE 3RD
Athletic Club KC batting - Pitching for New Amsterdam Dutchmen : RHP Jason Hamilton
Batting: LHB Pablo Hernández 0-0: Ball
1-0: Called Strike
1-1: SINGLE (Groundball, 4MD)
Batting: LHB Wu-shun Chu 0-0: Ball
1-0: Foul Ball, location: 2F
1-1: Fielders Choice at 2nd, 4-6 (Groundball, 4)
Batting: LHB Ramón Morterero 0-0: Ball
1-0: Foul Ball, location: 2F
1-1: Ball
2-1: Foul Ball, location: 2F
2-2: Foul Ball, location: 2F
2-2: Strikes out looking
Wu-shun Chu steals 2nd base
Batter strikes out.
Batting: RHB Andrés Medina 0-0: Ball
1-0: Called Strike
1-1: Ball
2-1: Foul Ball, location: 2F
2-2: Ball
3-2: Foul Ball, location: 2F
3-2: Ground out 6-3 (Groundball, 6)
Bottom of the 3rd over - 0 runs, 1 hit, 0 errors, 1 left on base; New Amsterdam 3 - Athletic Club KC 2
TOP OF THE 4TH
New Amsterdam Dutchmen batting - Pitching for Athletic Club KC : LHP Ash Ibarra
Batting: RHB Ricardo Pulido 0-0: Swinging Strike
0-1: Ground out 5-3 (Groundball, 56)
Batting: RHB David Elías 0-0: Ball
1-0: Foul Ball, location: 2F
1-1: SOLO HOME RUN (Flyball, 7D), Distance : 393 ft
Batting: RHB Heherson Inaris 0-0: Called Strike
0-1: Ball
1-1: Ball
2-1: Ball
3-1: Ground out 1-3 (Groundball, P)
Batting: RHB Bryant Skelly 0-0: DOUBLE (Line Drive, 78D)
Batting: LHB SaQwan Hackett 0-0: Foul Ball, location: 2F
0-1: Ball
1-1: SINGLE (Flyball, 78M)
Bryant Skelly to third
Runner from 3rd tries for Home, SAFE, no throw
Batting: RHB António Martínez 0-0: Called Strike
0-1: Foul Ball, location: 2F
0-2: Foul Ball, location: 2F
0-2: Ball
1-2: Ball
2-2: Ball
3-2: Foul Ball, location: 2F
3-2: Foul Ball, location: 2F
3-2: Fly out, F9 (Flyball, 9LS)
Top of the 4th over - 2 runs, 3 hits, 0 errors, 1 left on base; New Amsterdam 5 - Athletic Club KC 2
BOTTOM OF THE 4TH
Athletic Club KC batting - Pitching for New Amsterdam Dutchmen : RHP Jason Hamilton
Batting: RHB Rafael Arredondo 0-0: Called Strike
0-1: Foul Ball, location: 2F
0-2: Ball
1-2: Foul Ball, location: 2F
1-2: Ground out 1-3 (Groundball, 13)
Batting: RHB Roger Caffyn 0-0: Ball
1-0: Bunt missed!
1-1: Foul Ball, location: 2F
1-2: Ground out U3 (Groundball, 34)
Batting: RHB Richard Younger 0-0: Ball
1-0: Foul Ball, location: 2F
1-1: Ball
2-1: Foul Ball, location: 2F
2-2: Fly out, F7 (Flyball, 7)
Bottom of the 4th over - 0 runs, 0 hits, 0 errors, 0 left on base; New Amsterdam 5 - Athletic Club KC 2
TOP OF THE 5TH
New Amsterdam Dutchmen batting - Pitching for Athletic Club KC : LHP Ash Ibarra
Pitching: RHP Juan Gusmán
Batting: RHB Otis Brewer 0-0: Ground out 5-3 (Groundball, 5)
Batting: RHB Mario Rivera 0-0: Ball
1-0: Ball
2-0: Foul Ball, location: 2F
2-1: Foul Ball, location: 2F
2-2: Ball
3-2: Foul Ball, location: 2F
3-2: Strikes out swinging
Batting: RHB Sang Hong-Do 0-0: Swinging Strike
0-1: SINGLE (Line Drive, 9S)
Batting: RHB Ricardo Pulido 0-0: Called Strike
0-1: Ball
1-1: SINGLE (Groundball, 34D)
Sang Hong-Do to second
Runner from 2nd tries for 3rd, OUT!
Top of the 5th over - 0 runs, 2 hits, 0 errors, 1 left on base; New Amsterdam 5 - Athletic Club KC 2
BOTTOM OF THE 5TH
Athletic Club KC batting - Pitching for New Amsterdam Dutchmen : RHP Jason Hamilton
Pitching: LHP Ernest Torres
Batting: LHB Matt Herman 0-0: Ball
1-0: Called Strike
1-1: Swinging Strike
1-2: Strikes out swinging
Batting: RHB Khal Drogo 0-0: Foul Ball, location: 2F
0-1: SINGLE (Groundball, 4) (infield hit)
Batting: LHB Pablo Hernández 0-0: Ball
1-0: Fly out, F8 (Flyball, 8RM)
Batting: LHB Wu-shun Chu 0-0: Ball
1-0: Swinging Strike
1-1: Called Strike
1-2: Foul Ball, location: 2F
1-2: Foul Ball, location: 2F
1-2: Foul Ball, location: 2F
1-2: Ball
Khal Drogo steals 2nd base
2-2: Foul Ball, location: 2F
2-2: Ground out 4-3 (Groundball, 4M)
Bottom of the 5th over - 0 runs, 1 hit, 0 errors, 1 left on base; New Amsterdam 5 - Athletic Club KC 2
TOP OF THE 6TH
New Amsterdam Dutchmen batting - Pitching for Athletic Club KC : RHP Juan Gusmán
Batting: RHB David Elías 0-0: Foul Ball, location: 2F
0-1: Foul Ball, location: 2F
0-2: Ball
1-2: Ground out 5-3 (Groundball, 56)
Batting: RHB Heherson Inaris 0-0: Ball
1-0: Ball
2-0: Foul Ball, location: 2F
2-1: Ball
3-1: Foul Ball, location: 2F
3-2: Fly out, F7 (Line Drive, 78M)
Pinch Hitting: RHB Dan Chrzan 0-0: Called Strike
0-1: Ball
1-1: Called Strike
1-2: Ball
2-2: Foul Ball, location: 2F
2-2: Strikes out swinging
Top of the 6th over - 0 runs, 0 hits, 0 errors, 0 left on base; New Amsterdam 5 - Athletic Club KC 2
BOTTOM OF THE 6TH
Athletic Club KC batting - Pitching for New Amsterdam Dutchmen : LHP Ernest Torres
Now in LF: Sheldon Deshotels
Batting: LHB Ramón Morterero 0-0: Ground out 4-3 (Groundball, 4)
Batting: RHB Andrés Medina 0-0: SINGLE (Flyball, 8LS)
Batting: RHB Rafael Arredondo 0-0: Foul Ball, location: 2F
0-1: Ball
1-1: Ball
2-1: Foul Ball, location: 2F
2-2: Ball
3-2: Base on Balls
Andrés Medina to second
Batting: RHB Roger Caffyn 0-0: Called Strike
0-1: SINGLE (Line Drive, 78S)
Andrés Medina to third
Rafael Arredondo to second
Runner from 3rd tries for Home, SAFE, no throw
Batting: RHB Richard Younger 0-0: Called Strike
0-1: Ball
1-1: Foul Ball, location: 2F
1-2: Ball
2-2: Foul Ball, location: 2F
2-2: SINGLE (Groundball, 56) (infield hit)
Rafael Arredondo to third
Roger Caffyn to second
Batting: LHB Matt Herman 0-0: Foul Ball, location: 2F
0-1: Ball
1-1: Foul Ball, location: 2F
1-2: Strikes out swinging
Batting: RHB Khal Drogo 0-0: Ball
1-0: Swinging Strike
1-1: Called Strike
1-2: Ball
2-2: Ground out 6-3 (Groundball, 6MD)
Bottom of the 6th over - 1 run, 3 hits, 0 errors, 3 left on base; New Amsterdam 5 - Athletic Club KC 3
TOP OF THE 7TH
New Amsterdam Dutchmen batting - Pitching for Athletic Club KC : RHP Juan Gusmán
Pinch Hitting: RHB Jon Osterman 0-0: Called Strike
0-1: Foul Ball, location: 2F
0-2: Ball
1-2: SOLO HOME RUN (Flyball, 7D), Distance : 388 ft
Pinch Hitting: LHB Rafael Sánchez 0-0: Foul Ball, location: 2F
0-1: Ball
1-1: Ball
2-1: Called Strike
2-2: Foul Ball, location: 2F
2-2: Foul Ball, location: 2F
2-2: Fly out, F9 (Flyball, 89M)
Pitching: LHP António Hernández
Batting: RHB Menno van de Vlugt 0-0: Ball
1-0: Foul Ball, location: 2F
1-1: Swinging Strike
1-2: Hit by Pitch
Pinch Hitting: RHB Hank Wilder 0-0: Called Strike
0-1: Ball
1-1: Foul Ball, location: 2F
1-2: Ball
2-2: SINGLE (Line Drive, 7LS)
Menno van de Vlugt to second
Pinch Hitting: RHB Alan Elder 0-0: Called Strike
0-1: Ball
1-1: Called Strike
1-2: Ball
2-2: Ball
3-2: Base on Balls
Menno van de Vlugt to third
Hank Wilder to second
Pinch Hitting: RHB David Pérez 0-0: Ball
1-0: Ball
2-0: Called Strike
2-1: Fly out, F3 (Popup, 3SF)
Batting: RHB David Elías 0-0: Called Strike
0-1: Foul Ball, location: 2F
0-2: Ground out U3 (Groundball, 3)
Top of the 7th over - 1 run, 2 hits, 0 errors, 3 left on base; New Amsterdam 6 - Athletic Club KC 3
BOTTOM OF THE 7TH
Athletic Club KC batting - Pitching for New Amsterdam Dutchmen : LHP Ernest Torres
Now at 1B: Jon Osterman
Now at 2B: David Pérez
Now at 3B: Hank Wilder
Now at SS: Carlos Campos
Now in RF: Rafael Sánchez
Batting: SHB Pedro Vázquez 0-0: Called Strike
0-1: Ball
1-1: Ball
2-1: Swinging Strike
2-2: Ball
3-2: SINGLE (Line Drive, 89S)
Pinch Hitting: RHB Jesús Vargas 0-0: Ball
1-0: SINGLE (Groundball, 6) (infield hit)
Pedro Vázquez to second
Pinch Hitting: RHB Karl Schultz 0-0: Ball
1-0: Called Strike
1-1: Fly out, F4 (Popup, 13S)
Pinch Hitting: RHB Troy Whitehurst 0-0: Called Strike
0-1: Ball
1-1: Foul Ball, location: 2F
1-2: Ball
2-2: Strikes out swinging
Pitching: RHP Carlos Rosales
Pinch Hitting: LHB Jesús Reyes 0-0: Swinging Strike
0-1: Foul Ball, location: 2F
0-2: Strikes out swinging
Bottom of the 7th over - 0 runs, 2 hits, 0 errors, 2 left on base; New Amsterdam 6 - Athletic Club KC 3
TOP OF THE 8TH
New Amsterdam Dutchmen batting - Pitching for Athletic Club KC : LHP António Hernández
Now at 1B: Jesús Reyes
Now at 3B: Kwang-chih Feng
Now in CF: Jesús Vargas
Now in RF: Karl Schultz
Pinch Hitting: RHB Jesús Quintana 0-0: Called Strike
0-1: DOUBLE (Line Drive, 7D)
Batting: RHB Sheldon Deshotels 0-0: Ball
1-0: Ball
2-0: Sac Bunt - play at first, batter OUT! 1-3
Jesús Quintana to third
Batting: RHB Jon Osterman 0-0: Intentional Walk
Batting: LHB Rafael Sánchez 0-0: Called Strike
0-1: Ball
1-1: Ball
2-1: Fly out, F7 (Flyball, 78M)
Runner from 3rd tags up, OUT at HOME
Top of the 8th over - 0 runs, 1 hit, 0 errors, 1 left on base; New Amsterdam 6 - Athletic Club KC 3
BOTTOM OF THE 8TH
Athletic Club KC batting - Pitching for New Amsterdam Dutchmen : RHP Carlos Rosales
Now at 1B: Takayuki Yoshikawa
Pinch Hitting: LHB Tsai Ng 0-0: Foul Ball, location: 2F
0-1: Swinging Strike
0-2: Fly out, F8 (Flyball, 78S)
Pinch Hitting: RHB Arturo Annunziato 0-0: Ball
1-0: Ball
2-0: Ball
3-0: Called Strike
3-1: Called Strike
3-2: Base on Balls
Batting: LHB Matt Herman 0-0: Ball
1-0: Ball
2-0: Foul Ball, location: 2F
2-1: Called Strike
2-2: DOUBLE (Line Drive, 8LXD)
Arturo Annunziato to third
Runner from 3rd tries for Home, SAFE, no throw
Pinch Hitting: SHB Sul-shik Yu 0-0: Fly out, F9 (Flyball, 9D)
Batting: SHB Pedro Vázquez 0-0: Ball
1-0: Called Strike
1-1: Foul Ball, location: 2F
1-2: Foul Ball, location: 2F
1-2: Foul Ball, location: 2F
1-2: Strikes out swinging, 2-3 out at first.
Bottom of the 8th over - 1 run, 1 hit, 0 errors, 1 left on base; New Amsterdam 6 - Athletic Club KC 4
TOP OF THE 9TH
New Amsterdam Dutchmen batting - Pitching for Athletic Club KC : LHP António Hernández
Now at 2B: Arturo Annunziato
Now at SS: Sul-shik Yu
Now in LF: Tsai Ng
Batting: RHB Menno van de Vlugt 0-0: Called Strike
0-1: Called Strike
0-2: Strikes out swinging
Batting: RHB Hank Wilder 0-0: Called Strike
0-1: Ball
1-1: Ball
2-1: Foul Ball, location: 2F
2-2: Foul Ball, location: 2F
2-2: Ground out 5-3 (Groundball, 5L)
Batting: LHB Carlos Campos 0-0: Called Strike
0-1: Foul Ball, location: 2F
0-2: Foul Ball, location: 2F
0-2: Strikes out swinging
Top of the 9th over - 0 runs, 0 hits, 0 errors, 0 left on base; New Amsterdam 6 - Athletic Club KC 4
BOTTOM OF THE 9TH
Athletic Club KC batting - Pitching for New Amsterdam Dutchmen : RHP Carlos Rosales
Pitching: RHP WyDale Curry
Batting: RHB Jesús Vargas 0-0: Called Strike
0-1: Called Strike
0-2: Foul Ball, location: 2F
0-2: Ball
1-2: Ball
2-2: Fly out, F8 (Flyball, 89XD)
Batting: RHB Karl Schultz 0-0: Foul Ball, location: 2F
0-1: Ball
1-1: Called Strike
1-2: Fly out, F3 (Popup, 3S)
Batting: LHB Kwang-chih Feng 0-0: Called Strike
0-1: Foul Ball, location: 2F
0-2: Foul Ball, location: 2F
0-2: Foul Ball, location: 2F
0-2: Ball
1-2: Ball
2-2: Strikes out looking
Bottom of the 9th over - 0 runs, 0 hits, 0 errors, 0 left on base; New Amsterdam 6 - Athletic Club KC 4
Wednesday, September 19th, 2018 - OOTP Baseball 18.8 Build 76